Cogmind - Beta 14 *** ADVENTURER MODE // 2024.08.31 @ 14:57:36 Player: LegoMDS Result: Destroyed by D-53 Grenadier with Mini Grenade Launcher Performance ------------- Evolutions (0) 0 Regions Visited (2) 400 Robots Destroyed (8) 40 Value Destroyed (186) 186 Prototype IDs (2) 40 Alien Tech Used (0) 0 Bonus (0) 0 TOTAL SCORE: 666 Bonus ------- None Cogmind --------- Core Integrity 0/250 Matter 300/300 Energy 60/100 System Corruption 0% Temperature Cool (0) Movement Flying (37) Location -10/Mines Parts ------- > --- POWER (1) -------- (None) > --- PROPULSION (2) --- Flight Unit Flight Unit > --- UTILITY (2) ------ Small Storage Unit Structural Scanner > --- WEAPON (2) ------- Small Laser > --- INVENTORY (8) ---- Light Ion Engine Light Ion Engine Flight Unit Flight Unit Flight Unit Targeting Computer Signal Generator Peak State ------------ > --- POWER ------------ Ion Engine > --- PROPULSION ------- Aluminum Leg Aluminum Leg > --- UTILITY ---------- Small Storage Unit Structural Scanner > --- WEAPON ----------- Medium Laser Medium Laser > --- INVENTORY -------- Light Ion Engine Targeting Computer Small Laser [Rating: 7] Favorites ----------- Power Ion Engine Engine Ion Engine Propulsion Aluminum Leg Leg Aluminum Leg Flight Unit Flight Unit Utility Small Storage Unit Device Structural Scanner Storage Small Storage Unit Weapon Medium Laser Energy Gun Medium Laser Build | -11 -10 -10 ------- Run | Yrd Mat Min Slots Evolved . | . . . Power . | . . . Propulsion . | . . . Utility . | . . . Weapon . | . . . Parts Attached 11 | 7 1 3 Power 1 | 1 . . Engine 1 | 1 . . Core . | . . . Reactor . | . . . Propulsion 4 | 2 . 2 Treads . | . . . Leg 2 | 2 . . Wheel . | . . . Hover . | . . . Flight 2 | . . 2 Utility 2 | 1 1 . Device 1 | . 1 . Storage 1 | 1 . . Processor . | . . . Hackware . | . . . Protection . | . . . Artifact . | . . . Weapon 4 | 3 . 1 Energy Gun 4 | 3 . 1 Energy Cannon . | . . . Ballistic Gun . | . . . Ballistic Cannon . | . . . Launcher . | . . . Special Weapon . | . . . Impact Weapon . | . . . Slashing Weapon . | . . . Piercing Weapon . | . . . Special Melee Weapon . | . . . Unidentified Prototypes . | . . . Parts Lost 3 | . . 3 Power 1 | . . 1 Propulsion . | . . . Utility . | . . . Weapon 2 | . . 2 Highest Loss Streak 3 | . . 3 To Critical Strikes . | . . . Average Slot Usage (%) 89 | . 95 84 Engine 9 | . 14 6 Leg 20 | . 28 14 Flight 7 | . . 14 Device 11 | . 9 14 Storage 14 | . 14 14 Energy Gun 24 | . 28 21 Peak Build Rating 7 | 6 7 7 Average Rating 5 | 3 6 6 On Entrance 4 | . 6 7 Naked Turns . | . . . Heaviest Build 15 | 14 15 15 Greatest Support 20 | 20 20 20 Greatest Overweight (x) . | . . . Average Overweight (x) . | . . . Largest Inventory Capacity 8 | 8 8 8 Average Capacity 7 | 6 8 8 Most Carried 8 | 5 4 8 Average Carried 4 | 2 2 6 Final Capacity 8 | 8 8 8 Final Carried 7 | 2 3 7 Class Distribution -------------------- 100% | Mutant Dominant Class ---------------- Mutant | -10/Materials Mutant | -10/Mines Resources | -11 -10 -10 ----------- Run | Yrd Mat Min Matter Collected 345 | 201 65 79 Remotely . | . . . Salvage Created 245 | . 172 73 Parts 13 | . 8 5 Haulers Intercepted . | . . . Recyclers Shooed 3 | . 2 1 Parts Field Recycled . | . . . Retrieved Matter . | . . . Parts Self-Destructed . | . . . Prevented . | . . . Kills | -11 -10 -10 ------- Run | Yrd Mat Min Combat Hostiles Destroyed 7 | . 2 5 Guns 7 | . 2 5 Classes Destroyed 6 | . 3 3 Recycler 1 | . 1 . Watcher 1 | . 1 . Swarmer 3 | . . 3 Grunt 2 | . 2 . Demolisher 1 | . . 1 Assembled 1 | . . 1 Best Kill Streak 4 | . 4 3 Combat Bots Only 3 | . 2 3 Max Kills in Single Turn 1 | . 1 1 Gunslinging . | . . . Exploded . | . . . Melee . | . . . Uniques/NPCs Destroyed . | . . . Combat | -11 -10 -10 -------- Run | Yrd Mat Min Hostile Shots Fired 69 | . 15 54 Missed 18 | . 3 15 Damage Taken 739 | . 175 564 Core 259 | . 53 206 Absorbed by Shields . | . . . Ignored by Resistances 217 | . 51 166 Core Remaining (%) 100 | 100 . . Volleys Fired 29 | . 12 17 Largest 2 | . 2 2 Hottest 100 | . 100 100 Shots Fired 49 | . 22 27 Gun 49 | . 22 27 Cannon . | . . . Launcher . | . . . Special . | . . . Kinetic . | . . . Thermal 49 | . 22 27 Explosive . | . . . Electromagnetic . | . . . Robot Hit Streak 9 | . 9 9 Robot Miss Streak 2 | . 2 2 Penetration Max . | . . . Secondary Targets 3 | . 1 2 Max Gunslinging Chain 1 | . 1 1 Shots Hit Robots 37 | . 17 20 Core Hits 19 | . 9 10 Critical Kills . | . . . Critical Parts Destroyed . | . . . Critical Strikes 1 | . . 1 Burn 1 | . . 1 Melee Attacks . | . . . Impact . | . . . Slashing . | . . . Piercing . | . . . Sneak Attacks . | . . . Combat Hostiles . | . . . Follow-up Attacks . | . . . Damage Inflicted 488 | . 228 260 Guns 488 | . 228 260 Cannons . | . . . Explosions . | . . . Melee . | . . . Ramming . | . . . Kinetic . | . . . Thermal 488 | . 228 260 Explosive . | . . . Electromagnetic . | . . . Impact . | . . . Slashing . | . . . Piercing . | . . . Highest Corruption . | . . . Average Corruption . | . . . Corruption Purged . | . . . Corruption Blocked . | . . . Overload Shots . | . . . Overflow Damage . | . . . Projectiles . | . . . Explosions . | . . . Melee . | . . . Knockbacks . | . . . Impact . | . . . Kinetic . | . . . Secondary . | . . . Self-Inflicted Damage . | . . . Shots . | . . . Rammed . | . . . Targets Rammed . | . . . Kicked . | . . . Crushed . | . . . Highest Temperature 333 | . 333 218 Average Temperature 142 | . 199 84 Received Heat Transfer 187 | . 87 100 Effects 4 | . 4 . Energy Bleed 1 | . 1 . Interference 2 | . 2 . Matter Decay 1 | . 1 . Siege Activations . | . . . Robots Corrupted . | . . . Combat Hostiles . | . . . Parts Fried . | . . . Impact Corruptions . | . . . Robots Melted . | . . . Combat Hostiles . | . . . Parts Melted 3 | . 1 2 Heat Transferred 1469 | . 666 803 Parts Sabotaged . | . . . Parts Stolen . | . . . Parts Stripped . | . . . Power Chain Reactions . | . . . Alert | -11 -10 -10 ------- Run | Yrd Mat Min Peak Influence 121 | . 96 121 Initial 31 | . . 31 Average 63 | . 46 97 Maximum Alert Level . | . . . Low Security (%) 100 | 100 100 100 Level 1 . | . . . Level 2 . | . . . Level 3 . | . . . Level 4 . | . . . Level 5 . | . . . High Security . | . . . Max Security . | . . . Squads Dispatched . | . . . Investigation . | . . . Extermination . | . . . Reinforcement . | . . . Assault . | . . . Garrison . | . . . Intercept . | . . . Searches Triggered . | . . . Construction Impeded . | . . . Haulers Reinforced . | . . . Active Scanning Responses . | . . . Cargo Convoy Interrupts . | . . . Stealth | -11 -10 -10 --------- Run | Yrd Mat Min Distress Signals . | . . . Communications Jammed . | . . . Distress Signals . | . . . Times Spotted 29 | . 3 26 Peak Tracking Total 14 | . 2 14 Tactical Retreats 3 | . . 3 Traps | -11 -10 -10 ------- Run | Yrd Mat Min Traps Triggered 2 | . 2 . Indirectly . | . . . Trap Hack Attempts . | . . . Triggered . | . . . Disarmed . | . . . Reprogrammed . | . . . Reused . | . . . Traps Extracted . | . . . Installed . | . . . Triggered . | . . . Machines | -11 -10 -10 ---------- Run | Yrd Mat Min Machines Disabled . | . . . Max in Single Turn . | . . . Machines Repaired . | . . . Machines Dismantled . | . . . Machines Sabotaged . | . . . Overloaded Fab Kills . | . . . Hacking | -11 -10 -10 --------- Run | Yrd Mat Min Machines Accessed 2 | . 2 . Terminals 1 | . 1 . Fabricators . | . . . Repair Stations . | . . . Recycling Units 1 | . 1 . Scanalyzers . | . . . Garrison Access . | . . . Total Hacks 3 | . 3 . Successful 2 | . 2 . Failed 1 | . 1 . Catastrophic . | . . . Database Lockouts . | . . . Manual . | . . . Terminals 2 | . 2 . Fabricators . | . . . Repair Stations . | . . . Recycling Units 1 | . 1 . Scanalyzers . | . . . Garrison Access . | . . . Terminal Hacks 1 | . 1 . Prototype ID Bank 1 | . 1 . Fabricator Hacks . | . . . Repair Station Hacks . | . . . Recycling Unit Hacks 1 | . 1 . Report Inventory 1 | . 1 . Scanalyzer . | . . . Garrison Access Hacks . | . . . Unauthorized Hacks . | . . . Terminals . | . . . Fabricators . | . . . Repair Stations . | . . . Recycling Units . | . . . Scanalyzers . | . . . Garrison Access . | . . . Data Cores Recovered . | . . . Used . | . . . Hacking Detections . | . . . Full Trace Events . | . . . Feedback Events . | . . . Feedback Blocked . | . . . Robot Schematics Acquired . | . . . Robots Built . | . . . Authchips . | . . . Time . | . . . Total Robot Build Rating . | . . . Part Schematics Acquired . | . . . Parts Built . | . . . Authchips . | . . . Time . | . . . Total Part Build Rating . | . . . Parts Repaired . | . . . Time . | . . . Parts Recycled . | . . . Recycled Matter . | . . . Retrieved Matter . | . . . Retrieved Components . | . . . Parts Scanalyzed . | . . . Part Schematics Acquired . | . . . Parts Damaged . | . . . Bothacking | -11 -10 -10 ------------ Run | Yrd Mat Min Used RIF Installer . | . . . Robots Hacked . | . . . Non-combat . | . . . Combat . | . . . Robot Hacks Applied . | . . . Relay Couplers Released . | . . . Fabnet Peak Effective % . | . . . Robots Rewired . | . . . Allies Hacked . | . . . Hacks Repelled . | . . . Allies | -11 -10 -10 -------- Run | Yrd Mat Min Total Allies 1 | . . 1 Largest Group 1 | . . 1 Highest-Rated Group 31 | . . 31 Highest-Rated Ally 31 | . . 31 Total Orders . | . . . Ally Attacks 1 | . . 1 Total Damage . | . . . Kills . | . . . Allies Corrupted . | . . . Allies Melted . | . . . Intel | -11 -10 -10 ------- Run | Yrd Mat Min Robot Analysis Total . | . . . Derelict Logs Recovered . | . . . Drone Launches . | . . . Drone Recoveries . | . . . Exploration | -11 -10 -10 ------------- Run | Yrd Mat Min Turns Passed 354 | 42 151 161 Spaces Moved 317 | 38 96 183 Core 24 | 24 . . Treads . | . . . Legs 147 | 14 96 37 Wheels . | . . . Hover . | . . . Flight 146 | . . 146 Fastest Speed 37 | 50 120 37 Average Speed 76 | 75 120 53 Slowest Speed 120 | 120 120 120 Overloaded Moves . | . . . Propulsion Burnouts . | . . . Robots Hopped 1 | . . 1 Cave-ins Triggered . | . . . Exploration Rate (%) 19 | 3 19 35 Regions Visited 2 Branch Regions 1 Pre-discovered Areas . | . . . Known Exits Taken . | . . . Unknown Exits Taken 2 | 1 1 . Scrap Searched . | . . . Spaces Dug . | . . . Terrain Destroyed . | . . . Melee . | . . . Projectile . | . . . AOE . | . . . Terrain Rammed . | . . . Walls Destroyed . | . . . Machines Disabled . | . . . Actions | -11 -10 -10 --------- Run | Yrd Mat Min Total 377 | 49 110 218 Wait 7 | . . 7 Move 313 | 37 95 181 Hop 1 | . . 1 Pick Up 14 | 5 2 7 Fast Attach 3 | 3 . . Attach 5 | 3 1 1 Detach . | . . . Swap 3 | 1 . 2 Drop 2 | . . 2 Fire 29 | . 12 17 Melee . | . . . Ram . | . . . Kick . | . . . Crush . | . . . Escape Stasis . | . . . Rewire . | . . . Trap . | . . . Miscellaneous . | . . . Route ------- -11/Scrapyard -10/Materials -10/Mines (discovered 1 exit: [*Mat]) History --------- Turn | Location | Event 5 | -11/Scrapyard | Discovered new exit (range 16) 43 | -11/Scrapyard | Entered Materials 143 | -10/Materials | Discovered new exit (range 8) 194 | -10/Materials | Entered Mines 206 | -10/Mines | Met a Derelict bent on vengeance 231 | -10/Mines | Assembled infested the area 265 | -10/Mines | Discovered new exit (range 7) 271 | -10/Mines | Core integrity fell below 50% 289 | -10/Mines | Core integrity fell below 20% 308 | -10/Mines | Build established: Mutant 317 | -10/Mines | Lost 3 parts (1p2w) 330 | -10/Mines | Met a Derelict testing a Signal Generator 331 | -10/Mines | Found Signal Generator 355 | -10/Mines | Destroyed by D-53 Grenadier with Mini Grenade Launcher Last Messages --------------- Extracted 16 matter. A derelict emerges from the shadows: "Quiet! I'm testing a new device we can use to divert those annoying Unaware when we need to." Signal Generator broadcasts a burst of procedurally generated transmissions. ALERT: Intercepting significant anomalous signal. Redirecting assault force. M0-MZV(g): "Okay, I guess that means it works. Now let's get out of here!" Signal Generator broadcasts a burst of procedurally generated transmissions. ALERT: Intercepting significant anomalous signal. Redirecting assault force. Acquired Signal Generator. D-53 Grenadier: "LOCATED POTENTIAL SOURCE OF ANOMALOUS SIGNAL. NEUTRALIZING." M0-MZV(g): "Looks like the friends we called actually did show up to play. Couldn't you guys just take that other tunnel?" Map ----- +----------------------------------------------------+ | ?????????????????????????????????????## | | ?????????????????????????????????????## | | ?????????????????????????????????????### | | ?????????????????????????????????????### | | ?????????????????????????????????????### | | ??????????????????????????????## ??### | | ??????????????????????????????## ## # | | ??????????????????????????????## ## | | ???????????????????????????????? # | | ????????????????????????????????? | | ??????????????????????????????? #### | | ???????????????????????????????### ######## | | ???????????????????????????????### #####??? | | ???????????????????????????????### #####??? | | ?????????????????????????????##### ####?? | | ?????????????????????????????#### ! ##### | | ?????????????????????????## ### #### | | ?????????????############## ### ### | | ?????????????############## ### ### | | ?????????????## | | ?????????????## | | ???#####?????## ####### ######## ## | | ??############# ####### ####### ! ### | | ?#### ######## ####### [! ### | | ?### d ############ ##? | | ?## ###### @############ ###? | | ?## ###### g#### ## ####? | | ?## ##??## !! ### ###?? | | ?## ##??## ##### ! ! #### ###? | | ?### #??## #### ! ##### ##? | | ?#### ##?### #### !! ##### ##? | | ??#### ###?#### #### ##?## = ##? | | ???########??########## ##?### ###? | | ????#####?????######### ##?#########? | | ?????????????????????###########??#######?? | | ?????????????????????###########??????????? | | | | | | | | | | | | | | | | | | | | | | | | | | | | | +----------------------------------------------------+ Best States ------------- Heat Dissipation 25 Energy Generation 10 Energy Capacity 250 Matter Stores 300 Matter Capacity 300 Sight Range 16 Terrain Scan Density 10 Resistance: KI 20 Resistance: TH 20 Resistance: EX 20 Resistance: EM 20 Resistance: I 20 Resistance: S 20 Resistance: P 20 Evasion (%) 62 Offensive Hacking 10 Item Schematics ----------------- None Robot Schematics ------------------ None Fabricated ------------ Nothing Alien Tech Used ----------------- None Achievements -------------- None Challenges ------------ None Game ------ Seed ArmageddonFrostTearclaws Manual? 0 Play Time 00:07:17 Cumulative 46.3 hours Start 2024.08.31 @ 14:53:14 End 2024.08.31 @ 14:57:36 Sessions 1 Manual Loads 0 Difficulty Adventurer Special Mode None Game No. 60 Rogue 13 Adventurer 47 Explorer 0 Win Type - Total 0 Types 0/0/0/0/0/0/0/0/0 Lore% 39 Gallery% 44 Achievement% 38 Wizard Run 0 Options --------- Layout 1 ASCII 0 Keyboard 0 Movement Mouse Keybinds 0 Fullscreen 1 Font 24/Smallcaps Map View 50x35 Zoom Use 0% Tactical HUD 0 Map Filters NONE Filters NONE Steam 1 RUN: d336e761-37a5-4f65-a221-250a66c5978d